 Dungeon Crawl Stone Soup version 0.30-a0-272-gf98c3da03f (webtiles) character file.

Game seed: 10695087597025933619

1319 purpskrrrp the Ruffian (level 8, 0/79 HPs)
             Began as a Troll Fighter on Oct 15, 2022.
             Succumbed to a scorpion's poison
             ... on level 5 of the Dungeon.
             The game lasted 00:09:42 (5223 turns).

purpskrrrp the Ruffian (Troll Fighter)              Turns: 5223, Time: 00:09:42

Health: 0/79       AC:  6    Str: 27    XL:     8   Next: 33%
Magic:  7/7        EV: 10    Int:  4    God:
Gold:   350        SH:  0    Dex:  9    Spells: 7/7 levels left

rFire   . . .      SeeInvis .      - Unarmed
rCold   . . .      Faith    .    (no shield)
rNeg    . . .      Spirit   .    a - +0 robe
rPois   .          Reflect  .    (helmet restricted)
rElec   .          Harm     .    o - +1 cloak
rCorr   .          Rampage  .    (gloves unavailable)
Will    .....                    (boots unavailable)
Stlth   +.........               k - amulet of magic regeneration
HPRegen 1.13/turn                (no ring)
MPRegen 0.50/turn                (no ring)

@: mighty, lethally poisoned (0 -> -2)
A: large, unfitting armour, claws 3, regeneration 1, shaggy fur 1, tough skin 1,
deterioration 1, subdued magic 1
a: no special abilities


You were on level 5 of the Dungeon.
You visited 1 branch of the dungeon, and saw 7 of its levels.
You also visited: Sewer.

You collected 350 gold pieces.

Inventory:

Hand Weapons
 w - a +3 flail of holy wrath
Armour
 a - a +0 robe (worn)
 b - a +0 kite shield
 o - a +1 cloak (worn)
Jewellery
 k - an amulet of magic regeneration (around neck)
 B - a ring of positive energy
Wands
 x - a wand of flame (16)
Scrolls
 d - a scroll of identify
 f - a scroll of fear
 g - 2 scrolls of noise
Potions
 e - 3 potions of degeneration
 h - 3 potions of lignification
 i - 2 potions of curing
 l - 4 potions of brilliance
 m - 6 potions of heal wounds
 n - 2 potions of magic
 p - 2 potions of resistance
 q - a potion of invisibility {unknown}
 t - a potion of haste
 z - a potion of cancellation
 A - a potion of flight


   Skills:
 + Level 4.9 Fighting
 + Level 4.8 Dodging
 - Level 2.6 Shields
 * Level 7.4 Unarmed Combat


You had 7 spell levels left.
You didn't know any spells.
Your spell library contained the following spells:

 Spells                   Type           Power      Damage    Failure   Level
 Apportation              Tloc           0%         N/A       45%         1
 Necrotise                Necr           0%         1d4       45%         1
 Summon Small Mammal      Summ           0%         N/A       45%         1
 Blink                    Tloc           0%         N/A       61%         2
 Manifold Assault         Tloc           0%         N/A       99%         4
 Summon Forest            Summ/Tloc      0%         N/A       100%        5
 Summon Mana Viper        Hex/Summ       0%         N/A       100%        5
 Summon Cactus Giant      Summ           0%         N/A       100%        6
 Storm Form               Tmut/Air       0%         N/A       100%        7


Dungeon Overview and Level Annotations

Branches:
Dungeon (7/15)              Sewer (visited)
 Temple: D:4-7

Altars:
Kikubaaqudgha
Sif Muna
Vehumet

Shops:
D:6 ***


Innate Abilities, Weirdness & Mutations

You are too large for most types of armour.
You have claws for hands.
Your natural rate of healing is unusually fast.
You are covered in fur. (AC +1)
You have tough skin. (AC +1)
Your body sometimes deteriorates upon taking damage.
Your spells are a little easier to cast, but a little less powerful.


Message History

The gnoll bouda barely misses you. The gnoll closely misses you.
The scorpion stings you. The hound closely misses you.
You closely miss the hound.
The hound is lightly wounded.
The scorpion closely misses you.
The gnoll hits you from afar with a +3 vampiric spear.
The gnoll completely misses you. The gnoll barely misses you. x2
The hound bites you but does no damage.
You claw the hound!
The hound is severely wounded.
You feel sick. The scorpion stings you.
* * * LOW HITPOINT WARNING * * *
You are more poisoned.
The scorpion poisons you! The hound bites you.
* * * LOW HITPOINT WARNING * * *
The gnoll hits you from afar with a +3 vampiric spear.
* * * LOW HITPOINT WARNING * * *
The gnoll hits you but does no damage. The gnoll barely misses you.
The gnoll bouda barely misses you. The gnoll closely misses you.
You miss the hound.
The hound is severely wounded.
You feel sick. The hound barely misses you.
The scorpion stings you but does no damage.
The gnoll hits you with a +0 flail.
* * * LOW HITPOINT WARNING * * *
The gnoll misses you.
The gnoll hits you from afar with a +1 spear of flaming.
* * * LOW HITPOINT WARNING * * *
The gnoll burns you.
* * * LOW HITPOINT WARNING * * *
The gnoll hits you from afar with a +0 spear.
* * * LOW HITPOINT WARNING * * *
The hound bites you.
* * * LOW HITPOINT WARNING * * *
Okay, then.
As you read the scroll of fear, it crumbles to dust.
You assume a fearsome visage.
The scorpion looks frightened!
The gnoll bouda looks frightened!
The gnoll looks frightened! x5
The hound looks frightened!
You die...

...........#.#.#
##........#.#.#
+........>....#
#####..##.....#
#...........###
# #..........##
#.. +.........##
#....#.........#
#.h@gg.......
#..sgg.....##.
#...gg..#..#
#....#.#.#....
#...........#.
......#...##.
............ .
..).#.##.....


You could see a gnoll bouda (fleeing), a scorpion (fleeing), a hound (fleeing)
and 5 gnolls.

Vanquished Creatures
  3 ogres
  2 kobold brigands (Sewer)
  Blork the orc (D:4)
  A bullfrog (D:6)
  3 wights (D:6)
  A vampire bat (D:3)
  Crazy Yiuf (D:2)
  2 hounds
  2 orc priests (D:6)
  5 orc wizards
  11 adders
  5 gnolls
  3 river rats (Sewer)
  An ufetubus (D:6)
  A worm (D:3)
  4 dart slugs
  6 orcs
  5 bat zombies (D:3)
  9 endoplasms
  6 giant cockroaches
  4 goblins
  6 hobgoblins
  7 jackals
  4 quokkas (D:3)
  11 ball pythons
  8 bats
  7 frilled lizards
  28 kobolds
  23 rats
170 creatures vanquished.

Vanquished Creatures (others)
  6 plants (D:2)
6 creatures vanquished.

Grand Total: 176 creatures vanquished

Notes
Turn   | Place    | Note
-------+----------+-------------------------------------------
     0 | D:1      | purpskrrrp the Troll Fighter began the quest for the Orb.
     0 | D:1      | Reached XP level 1. HP: 22/22 MP: 0/0
   354 | D:1      | Reached XP level 2. HP: 29/29 MP: 1/1
   532 | D:1      | Reached XP level 3. HP: 32/36 MP: 2/2
   761 | D:1      | Reached skill level 3 in Unarmed Combat
  1093 | D:2      | Reached XP level 4. HP: 44/44 MP: 3/3
  1178 | D:2      | Reached XP level 5. HP: 38/53 MP: 4/4
  1234 | D:2      | Found a radiant altar of Vehumet.
  1261 | D:2      | Reached skill level 4 in Unarmed Combat
  1561 | D:2      | Found a runed translucent door.
  1562 | D:2      | Noticed Crazy Yiuf
  1762 | D:2      | Killed Crazy Yiuf
  1882 | D:3      | Found a shimmering blue altar of Sif Muna.
  2041 | D:3      | Found a glowing drain.
  2059 | Sewer    | Entered a sewer
  2211 | Sewer    | Reached XP level 6. HP: 61/61 MP: 5/5
  2272 | Sewer    | Reached skill level 5 in Unarmed Combat
  3165 | D:3      | Found an ancient bone altar of Kikubaaqudgha.
  3176 | D:3      | Reached XP level 7. HP: 68/68 MP: 6/6
  3642 | D:4      | Noticed Blork the orc
  3647 | D:4      | Killed Blork the orc
  3658 | D:4      | Reached skill level 6 in Unarmed Combat
  3999 | D:4      | You fall into a shaft and drop 2 floors!
  4001 | D:6      | Gained mutation: Your body sometimes deteriorates upon
                  | taking damage. [potion of mutation]
  4001 | D:6      | Gained mutation: Your spells are a little easier to cast,
                  | but a little less powerful. [potion of mutation]
  4177 | D:6      | Reached XP level 8. HP: 58/79 MP: 7/7
  4334 | D:6      | Found Bykom's Specific Store.
  4336 | D:6      | Found Saevimutredgh's General Store.
  4359 | D:6      | Reached skill level 7 in Unarmed Combat
  4779 | D:6      | Found Kixtegois's General Store.
  5179 | D:5      | Entered Level 5 of the Dungeon
  5222 | D:5      | HP: 2/79 [gnoll/+0 spear[a gnoll bouda] (5)]
  5223 | D:5      | Succumbed to a scorpion's poison

Illustrated notes

Levels and vault maps discovered:
D:1:      dpeg_cavernosity, layout_loops_ring
D:2:      layout_loops_cross, basic_altar, minmay_stone_trees_small,
          lexackson_kobold_supper, uniq_crazy_yiuf_cottage
D:3:      layout_loops_ring, lemuel_crystal_altar, kennysheep_vampire_church,
          portal_sewer_entry_f, nicolae_titane
D:4:      layout_basic, mainiacjoe_overflow_alcove_1,
          mainiacjoe_overflow_surrounded_room, grunt_ministairs_15,
          uniq_blork_the_orc
D:5:      layout_basic, general_overflow_altar, serial_shops,
          nicolae_diamond_shop
D:6:      layout_loops_corners, serial_shops, nicolae_take_the_stairs,
          nicolae_specific_store, chequers_serial_rivers_room_a
D:7:      old_forge, layout_gridville, minmay_temple_entry_waves,
          gammafunk_ghost_cemetery

Skill      XL: |  1  2  3  4  5  6  7  8 |
---------------+-------------------------+-----
Unarmed Combat | 3 4 5 6 7 |  7.4
Fighting       | 3 4 |  4.9
Dodging        | 3 4 |  4.8
Shields        | |  2.6

Action                   |  1- 3 |  4- 6 |  7- 9 || total
-------------------------+-------+-------+-------++-------
Melee: Unarmed           |    96 |   256 |    90 ||   442
       Punch             |       |     3 |     3 ||     6
  Use: Potion            |       |     1 |     3 ||     4
       Scroll            |       |     7 |    16 ||    23
 Stab: Sleeping          |     1 |       |       ||     1
Armor: Robe              |    60 |    98 |    43 ||   201
Dodge: Dodged            |    69 |   174 |    50 ||   293

Table legend: (Time is in decaauts)
 A = Elapsed time spent in this place.
 B = Non-inter-level travel time spent in this place.
 C = Inter-level travel time spent in this place.
 D = Time resting spent in this place.
 E = Time spent auto-exploring this place.
 F = Levels seen in this place.
 G = Mean time per level.
                   A        B        C        D        E       F      G
               +--------+--------+--------+--------+--------+-----+--------+
         Total |   5217 |   4889 |    328 |    235 |   3538 |   8 |  652.1 |
       Dungeon |   4385 |   4057 |    328 |    209 |   3042 |   7 |  626.4 |
         Sewer |    831 |    831 |      0 |     26 |    496 |   1 |  831.0 |
               +--------+--------+--------+--------+--------+-----+--------+

Top non-repeatable levels by time:
     D:6: 1173 daAuts
     D:2: 991 daAuts
     D:1: 885 daAuts
     D:3: 832 daAuts
   Sewer: 831 daAuts
     D:4: 458 daAuts
     D:5: 42 daAuts
     D:7: 1 daAuts
